 Dungeon Crawl Stone Soup version 0.31-a0-981-geadf994542 (webtiles) character file.

Game seed: 2709445888183372665

42 Dirtsage the Slasher (level 3, 0/29 HPs)
             Began as a Demonspawn Fighter on Oct 31, 2023.
             Slain by Sigmund
             ... wielding a +0 scythe
              (8 damage)
             ... on level 2 of the Dungeon.
             The game lasted 00:01:29 (903 turns).

Dirtsage the Slasher (Demonspawn Fighter)            Turns: 903, Time: 00:01:30

Health: 0/29       AC:  8    Str: 16    XL:     3   Next: 35%
Magic:  3/3        EV:  8    Int:  9    God:
Gold:   24         SH:  4    Dex: 14    Spells: 2/2 levels left

rFire   . . .        a - +0 long sword
rCold   . . .        c - +0 buckler
rNeg    . . .        b - +0 scale mail
rPois   .            (no helmet)
rElec   .            k - +0 cloak
rCorr   .            (no gloves)
SInv    .            (no boots)
Will    .....        (no amulet) Stlth
                     (no ring)
HPRegen 0.24/turn    (no ring)
MPRegen 0.08/turn

%: no passive effects
@: no status effects
A: spiny 1, sharp scales 1
a: no special abilities


You were on level 2 of the Dungeon.
You visited 1 branch of the dungeon, and saw 2 of its levels.

You collected 24 gold pieces.

Inventory:

Hand Weapons
 a - a +0 long sword (weapon)
Armour
 b - a +0 scale mail (worn)
 c - a +0 buckler (worn)
 k - a +0 cloak (worn)
Scrolls
 f - a scroll of revelation {unknown}
 g - a scroll of immolation {unknown}
 i - 2 scrolls of identify {unknown}
Potions
 d - a potion of might
 e - a potion of lignification {unknown}
 h - 2 potions of curing {unknown}
 j - a potion of ambrosia {unknown}


   Skills:
 - Level 3.0 Fighting
 + Level 3.5 Long Blades
 - Level 2.6 Armour
 - Level 2.6 Shields


You had 2 spell levels left.
You didn't know any spells.
Your spell library was empty.

Dungeon Overview and Level Annotations

Branches:
Dungeon (2/15)

Altars:
Nemelex Xobeh

Annotations:
D:2 Sigmund


Innate Abilities, Weirdness & Mutations

You are partially covered in sharp spines.
You are partially covered in razor-sharp scales. (AC +1, Slay +1)


Message History

No target in view!
No target in view!
A rat comes into view.
Found a stone staircase leading up.
The rat twitches its whiskers.
You see here a +0 club.
You block the rat's attack.
You closely miss the rat. The rat is struck by your spines. The rat bites you.
You take 2 damage, and have 27/29 hp.
You closely miss the rat.
The rat is severely wounded.
The rat barely misses you. You block the rat's attack.
You hit the rat.
You kill the rat!
No target in view!
HP restored.
i - 2 scrolls labelled OSAVAUKIUL (gained 1)
You see here a rat corpse.
Found a stone staircase leading down.
Health restored: 29 No target in view!
There is a stone staircase leading down here.
There is a stone staircase leading down here.
Sigmund the Dreaded comes into view.
He is wielding a +0 scythe.
Sigmund barely misses you.
You closely miss Sigmund.
Sigmund gestures wildly while chanting.
Sigmund flickers and vanishes!
Deactivating autopickup; reactivate with Ctrl-A.
Something hits you!
You take 9 damage, and have 20/29 hp.
MASSIVE DAMAGE!!
You are too injured to fight recklessly!
You closely miss something. You barely miss something. Something hits you.
You take 3 damage, and have 17/29 hp.
You slash something! Something hits you!
* * * LOW HITPOINT WARNING * * *
You take 9 damage, and have 8/29 hp.
MASSIVE DAMAGE!!
You slash something! Something hits you!
You die...

#.#..#..#..# ..
#.#..#...#.. #.
#>#....#...# #.
#....#...#.. .##
##.#...#...# ..# #
#...#...#..
#.####.##.###.#...#...#
#.....{...##....#...#..
## #@# ##..#...#...#
##...#.####>....#...#..
#..............#...#...#
###.....####..#..#...#..
##..### #..#.#..#...#
##. #.........#.. #.
##.......#.## #
###.####### #.#


There were no monsters in sight!

Vanquished Creatures
  A gnoll (D:1)
  3 ball pythons (D:1)
  4 endoplasms (D:1)
  3 goblins (D:1)
  4 hobgoblins (D:1)
  3 kobolds (D:1)
  A quokka (D:1)
  4 bats
  A frilled lizard (D:2)
  5 rats
29 creatures vanquished.

Notes
Turn   | Place    | Note
-------+----------+-------------------------------------------
     0 | D:1      | Dirtsage the Demonspawn Fighter began the quest for the
                  | Orb.
     0 | D:1      | Reached XP level 1. HP: 18/18 MP: 1/1
    59 | D:1      | Gained mutation: You are partially covered in sharp spines.
                  | [demonic ancestry]
    59 | D:1      | Reached XP level 2. HP: 8/24 MP: 2/2
   344 | D:1      | Gained mutation: You are partially covered in razor-sharp
                  | scales. (AC +1, Slay +1) [demonic ancestry]
   344 | D:1      | Reached XP level 3. HP: 29/29 MP: 3/3
   739 | D:2      | Found a sparkling altar of Nemelex Xobeh.
   896 | D:2      | Noticed Sigmund
   903 | D:2      | Slain by Sigmund

Illustrated notes

Levels and vault maps discovered:
D:1:      dpeg_arrival_erosion, layout_rooms, serial_bayou, serial_bayou_pond_b,
          serial_bayou_lagoon_b, serial_bayou_shore_a, serial_bayou_shore_b
D:2:      layout_loops_corners, basic_altar,
          shapermc_ecumenical_altar_flowoftime, minivault_5, hex_medium,
          uniq_crazy_yiuf_cottage, uniq_terence, uniq_sigmund

Skill      XL: |  1  2 |
---------------+-------+-----
Long Blades    | 2 3 |  3.5
Fighting       | |  3.0
Armour         | |  2.6
Shields        | |  2.6

Action                     || total
---------------------------++-------
  Melee: Long sword        ||    66
 Armour: Scale mail        ||    57
  Dodge: Dodged            ||    21
  Block: Buckler           ||    13

Table legend: (Time is in decaauts)
 A = Elapsed time spent in this place.
 B = Non-inter-level travel time spent in this place.
 C = Inter-level travel time spent in this place.
 D = Time resting spent in this place.
 E = Time spent auto-exploring this place.
 F = Levels seen in this place.
 G = Mean time per level.
                   A        B        C        D        E       F      G
               +--------+--------+--------+--------+--------+-----+--------+
         Total |    945 |    923 |     22 |      0 |    738 |   2 |  472.5 |
       Dungeon |    945 |    923 |     22 |      0 |    738 |   2 |  472.5 |
               +--------+--------+--------+--------+--------+-----+--------+

Top non-repeatable levels by time:
     D:1: 758 daAuts
     D:2: 187 daAuts
